Map: [ESL] Hard Lead

Players

Spatz

  • Race: Protoss Protoss
  • Spawn Location: 5:00

Reynor - Winner!

  • Race: Zerg Zerg
  • Spawn Location: 11:00

Event: ESL SC2 Masters 2023 Winter (Regional)

VOD

Have the link to the VOD?

Description

Time

  • Played on: Oct. 26, 2023, 1:01 p.m.
  • Length: 9:14

All games in this series

Show
View Real Time Build Order
Export as new Build Order

Spatz Protoss 

Build Orders: 1 Gate Expand, Chargelot Immortal 

Get SALT Encoding   

  12  0:01  Probe  
  13  0:13  Pylon  
  13  0:17  Probe (Chrono Boost)  
  14  0:27  Probe (Chrono Boost)  
  15  0:32  Probe (Chrono Boost)  
  16  0:39  Gateway  
  16  0:43  Probe  
  16  0:48  Assimilator  
  17  0:56  Probe  
  18  1:08  Probe  
  19  1:20  Probe  
  20  1:27  Nexus  
  20  1:35  Cybernetics Core  
  20  1:38  Probe  
  21  1:48  Assimilator  
  21  1:50  Probe  
  22  1:54  Pylon  
  22  2:02  Probe (Chrono Boost)  
  23  2:12  Stalker  
  23  2:13  Warp Gate  
  23  2:14  Probe (Chrono Boost)  
  26  2:22  Probe (Chrono Boost)  
  27  2:26  Twilight Council  
  27  2:28  Probe (Chrono Boost)  
  28  2:40  Probe (Chrono Boost)  
  28  2:42  Adept  
  28  2:43  Probe (Chrono Boost)  
  32  2:49  Probe (Chrono Boost)  
  32  2:50  Probe (Chrono Boost)  
  34  2:55  Probe x2 (Chrono Boost)  
  36  3:02  Robotics Facility  
  35  3:07  Probe  
  35  3:08  Gateway  
  35  3:11  Probe  
  37  3:13  Resonating Glaives (Chrono Boost)  
  37  3:19  Probe  
  38  3:22  Adept  
  38  3:25  Probe  
  41  3:35  Gateway  
  41  3:36  Gateway  
  41  3:38  Probe  
  41  3:40  Probe  
  43  3:45  Warp Prism (Chrono Boost)  
  43  3:52  Pylon  
  45  3:55  Probe  
  45  4:02  Pylon  
  46  4:10  Probe x2, Adept x2  
  46  4:13  Dark Shrine  
  52  4:19  Assimilator  
  52  4:22  Probe  
  53  4:30  Adept x4  
  61  4:36  Probe  
  62  4:47  Pylon  
  62  4:51  Nexus  
  62  5:01  Pylon  
  62  5:05  Immortal (Chrono Boost), Probe x2  
  64  5:07  Pylon  
  68  5:18  Probe x2  
  68  5:19  Stalker  
  72  5:30  Probe x2  
  72  5:34  Immortal (Chrono Boost)  
  72  5:35  Charge  
  72  5:42  Probe x2  
  78  5:44  Sentry  
  78  5:45  Sentry x2  
  84  5:54  Probe  
  84  5:55  Pylon x2  
  85  5:58  Probe  
  85  5:59  Shield Battery  
  84  6:08  Zealot x4  
  89  6:17  Probe  
  80  6:27  Gateway x2  
  80  6:30  Zealot x2  
  76  6:37  Zealot x2  
  76  6:39  Immortal (Chrono Boost)  
  64  6:48  Pylon  
  64  6:49  Probe x2  
  64  6:51  Probe  
  67  6:59  Sentry x2  
  71  7:01  Probe x2  
  71  7:08  Immortal (Chrono Boost), Probe  
  74  7:13  Probe  
  74  7:15  Probe  
  80  7:22  Pylon  
  80  7:24  Sentry x2  
  80  7:27  Gateway  
  80  7:28  Gateway  
  80  7:29  Zealot x3  
  90  7:35  Probe  
  90  7:36  Zealot x3  
  91  7:37  Immortal (Chrono Boost)  
  91  7:42  Pylon  
  95  7:46  Pylon  
  95  7:53  Pylon  
  95  7:55  Pylon  
  95  7:57  Zealot  
  95  7:58  Zealot x4  
  105  7:59  Zealot  
  105  8:03  Robotics Bay  
  107  8:10  Probe  
  108  8:13  Immortal (Chrono Boost), Probe  
  113  8:20  Zealot x6  
  105  8:27  Zealot x8  
  105  8:33  Probe  
  94  8:36  Probe  
  94  8:39  Probe  
  85  8:45  Probe  
  80  8:48  Probe  
  80  8:52  Dark Templar x3  
  80  8:55  Dark Templar, Probe  
  88  8:58  Zealot  
  88  9:01  Probe x2  
Show
View Real Time Build Order
Export as new Build Order

Reynor Zerg - Winner!

Build Orders: Hatch First 

Get SALT Encoding   

  12  0:00  Drone  
  13  0:07  Drone  
  14  0:14  Extractor, Drone  
  15  0:36  Hatchery  
  15  0:41  Extractor  
  15  0:42  Drone  
  15  0:47  Overlord  
  15  1:02  Spawning Pool  
  14  1:06  Drone  
  14  1:09  Drone  
  16  1:13  Drone  
  16  1:18  Drone  
  18  1:28  Extractor, Drone  
  18  1:38  Drone  
  19  1:48  Drone  
  19  1:49  Queen x2  
  19  1:52  Zergling x2  
  25  1:58  Drone  
  25  2:00  Overlord  
  26  2:09  Drone  
  26  2:10  Drone  
  28  2:21  Drone  
  28  2:22  Drone  
  30  2:24  Queen  
  30  2:26  Queen  
  34  2:30  Drone  
  34  2:32  Drone  
  36  2:41  Overlord  
  36  2:43  Overlord  
  36  3:01  Drone x4  
  36  3:02  Drone x2, Overlord  
  36  3:03  Drone  
  43  3:10  Drone  
  43  3:12  Drone  
  45  3:15  Lair  
  45  3:22  Drone, Roach Warren  
  45  3:23  Drone  
  46  3:34  Drone  
  46  3:35  Drone  
  46  3:36  Hatchery  
  46  3:37  Extractor, Drone  
  46  3:40  Drone x2  
  49  3:42  Drone  
  49  3:44  Drone  
  49  3:46  Drone  
  53  3:48  Drone  
  53  3:49  Extractor  
  53  3:53  Evolution Chamber  
  53  3:55  Drone x2  
  53  3:59  Overlord  
  53  4:02  Extractor  
  52  4:06  Roach x3  
  52  4:09  Roach  
  60  4:13  Overseer  
  60  4:18  Drone  
  60  4:19  Overlord  
  60  4:22  Roach x2  
  65  4:27  Glial Reconstitution  
  65  4:30  Roach  
  67  4:38  Roach x3, Evolution Chamber  
  72  4:48  Drone, Overlord  
  72  4:49  Roach x3  
  80  4:54  Zerg Missile Weapons Level 1  
  80  4:57  Evolution Chamber  
  80  5:02  Drone x2  
  80  5:03  Overlord  
  80  5:06  Roach x3  
  88  5:08  Overlord  
  88  5:14  Roach  
  90  5:15  Overlord  
  90  5:18  Evolution Chamber  
  90  5:21  Overseer  
  89  5:24  Roach x2  
  92  5:31  Roach x3  
  98  5:37  Drone x4  
  98  5:38  Drone  
  98  5:42  Overlord  
  103  5:46  Roach  
  103  5:48  Drone  
  106  5:54  Drone  
  106  5:55  Drone  
  108  5:58  Drone x3  
  108  6:03  Roach  
  113  6:06  Overlord  
  113  6:14  Drone x6  
  113  6:20  Ravager x2  
  113  6:21  Overlord  
  113  6:24  Roach x3  
  117  6:27  Drone x2  
  117  6:31  Extractor  
  117  6:32  Extractor  
  107  6:34  Roach x3  
  107  6:36  Drone x2  
  107  6:38  Roach  
  107  6:39  Hatchery  
  108  6:44  Drone  
  105  6:50  Zerg Missile Weapons Level 2  
  105  6:51  Roach x2  
  105  6:53  Roach x3  
  115  6:58  Roach  
  115  6:59  Roach x2  
  121  7:07  Roach x3  
  125  7:10  Overlord  
  125  7:11  Roach x2  
  125  7:18  Drone x2  
  125  7:19  Roach x2  
  131  7:24  Roach x3  
  131  7:26  Overlord  
  131  7:28  Overlord  
  137  7:34  Ravager x4  
  137  7:35  Roach x3  
  137  7:36  Overlord  
  145  7:37  Overlord  
  145  7:43  Overlord  
  145  7:46  Ravager x4  
  145  7:47  Ravager x3  
  145  7:49  Roach  
  154  7:52  Roach x2  
  154  7:54  Drone x6  
  154  7:57  Overlord  
  163  8:03  Ravager x2  
  165  8:07  Roach x3  
  165  8:08  Roach  
  165  8:12  Overlord  
  173  8:23  Roach x6  
  173  8:24  Overlord  
  177  8:28  Roach x3  
  177  8:30  Hatchery  
  176  8:37  Roach x6  
  181  8:43  Ravager x2  
  181  8:44  Roach x3  
  182  8:53  Roach x6  
  185  8:57  Overseer  
Tags
 
Add a new tag
Caveats
  • Supply blocks, unpowered buildings, or Contaminate may cause inaccurate times.
  • Supply counts are checked every 10 seconds.